[Event "45th FIDE Womens Olympiad 2024"]
[Site "Budapest"]
[Date "2024.09.19"]
[Round "8.85"]
[White "Sanudula, K M Dahamdi"]
[Black "Bulmaga, Irina"]
[Result "0-1"]
[ECO "A45"]
[WhiteElo "2023"]
[BlackElo "2406"]
[Annotator "TA"]
[PlyCount "56"]
[EventDate "2024.09.05"]
[EventType "team-tourn"]
[EventCountry "HUN"]
[SourceTitle "playchess.com"]
[Source "ChessBase"]
[SourceQuality "1"]
[WhiteTeam "Sri Lanka"]
[BlackTeam "Romania"]
[WhiteTeamCountry "SRI"]
[BlackTeamCountry "ROU"]
[TimeControl "40/5400+30:1800+30"]

1. d4 Nf6 2. Bf4 g6 3. Nc3 d5 4. e3 Bg7 5. h4 c6 6. Be2 h5 7. Nf3 Nbd7 8. Ne5 {The position is equal.} Nxe5 9. Bxe5 b5 10. Bf3 O-O 11. O-O Bh6 12. Ne2 Nd7 {White should prevent ...Nxe5.} 13. Bg3 Nf6 14. a4 b4 15. c4 bxc3 16. bxc3 Ba6 17. Qc2 Rc8 18. Rfe1 c5 19. Qb1 Qd7 20. Nf4 cxd4 21. cxd4 Rc3 {Dodges Nd3} 22. Qb4 Rfc8 23. Qa5 Bxf4 24. Bxf4 Bd3 25. Be5 Ne4 26. Bxe4 $2 (26. Red1 $11 {and White is okay.}) 26... Bxe4 $19 27. Ra2 $2 ({Avoid the trap} 27. f3 $2 Rc2 28. Rf1 (28. fxe4 {leads to mate.} Qg4 29. g3 Qh3) 28... Rxg2+ 29. Kxg2 Qg4+ 30. Kh1 Bxf3+ (30... Qxh4+ 31. Bh2 $11) 31. Rxf3 Qxf3+ 32. Kg1 Qxe3+ 33. Kf1 Qf3+ 34. Kg1 f6 35. Bxf6 exf6 $19) (27. Qb5 {was necessary.} Qg4 28. Bg3) 27... Qg4 $1 {[%csl Ge4,LRg2,LRh4][%cal Rg4g2] [#]} 28. Bg3 (28. f3 $142 Bxf3 (28... Qxh4 29. g3 $11) 29. Rf1) 28... g5 {Weighted Error Value: White=0.76/Black=0.06 (flawless) .  Loses game:     	White=1     	---        Mistake:       	White=2     	---        Inaccurate:     	White=1     	Black=2      OK:         	White=4     	Black=10     Best:        	---       	Black=3} 0-1

[Event "45th FIDE Womens Olympiad 2024"]
[Site "Budapest"]
[Date "2024.09.19"]
[Round "8.86"]
[White "Sandu, Mihaela"]
[Black "Tharushi, T H D Niklesha"]
[Result "1-0"]
[ECO "B45"]
[WhiteElo "2248"]
[BlackElo "1852"]
[Annotator "RC"]
[PlyCount "95"]
[EventDate "2024.09.05"]
[EventType "team-tourn"]
[EventCountry "HUN"]
[SourceTitle "playchess.com"]
[Source "ChessBase"]
[SourceQuality "1"]
[WhiteTeam "Romania"]
[BlackTeam "Sri Lanka"]
[WhiteTeamCountry "ROU"]
[BlackTeamCountry "SRI"]
[TimeControl "40/5400+30:1800+30"]

1. e4 c5 2. Nf3 e6 3. d4 cxd4 4. Nxd4 Nf6 5. Nc3 Nc6 6. Ndb5 Bb4 7. a3 Bxc3+ 8. Nxc3 d5 9. Bd3 dxe4 10. Nxe4 Nxe4 11. Bxe4 Qxd1+ 12. Kxd1 e5 13. Re1 f6 14. Be3 Be6 15. Kc1 Kf7 16. f3 Rhd8 17. Rd1 f5 18. Rxd8 Nxd8 19. Bd3 Nc6 20. b4 Ne7 21. Kb2 Nd5 22. Bf2 b6 23. g3 Rd8 24. Re1 Kf6 25. h4 h6 26. h5 Rd6 27. g4 Nf4 28. Bh4+ g5 29. hxg6+ Kxg6 30. gxf5+ Bxf5 31. Rg1+ Kh5 32. Bxf5 Kxh4 33. Rg4+ Kh5 34. c4 Nd3+ 35. Kc3 Nf2 36. c5 Rc6 37. Bd7 Nxg4 38. fxg4+ Kg5 39. Bxc6 Kxg4 40. Bd7+ Kg3 41. c6 e4 42. c7 e3 43. c8=Q e2 44. Kd2 Kf2 45. Qf8+ Kg1 46. Kxe2 h5 47. Qf2+ Kh1 48. Bc6# 1-0

[Event "45th FIDE Womens Olympiad 2024"]
[Site "Budapest"]
[Date "2024.09.19"]
[Round "8.87"]
[White "Pallie, Ehsha Mishela"]
[Black "Voicu-Jagodzinsky, Carmen"]
[Result "1/2-1/2"]
[ECO "B28"]
[WhiteElo "1767"]
[BlackElo "2271"]
[Annotator "RC"]
[PlyCount "90"]
[EventDate "2024.09.05"]
[EventType "team-tourn"]
[EventCountry "HUN"]
[SourceTitle "playchess.com"]
[Source "ChessBase"]
[SourceQuality "1"]
[WhiteTeam "Sri Lanka"]
[BlackTeam "Romania"]
[WhiteTeamCountry "SRI"]
[BlackTeamCountry "ROU"]
[TimeControl "40/5400+30:1800+30"]

1. e4 c5 2. Nf3 a6 3. c3 d5 4. exd5 Qxd5 5. d4 e6 6. Be2 cxd4 7. cxd4 Nf6 8. Nc3 Qd6 9. O-O Be7 10. Be3 Nbd7 11. Qd2 Nb6 12. Bf4 Qd8 13. Rac1 Nbd5 14. Be5 O-O 15. Rfd1 Bd7 16. h3 Rc8 17. Nxd5 Nxd5 18. a3 Qb6 19. Bd3 f6 20. Bg3 Bd6 21. Bxd6 Qxd6 22. Qe1 Nf4 23. Qe4 Nxd3 24. Qxd3 Rxc1 25. Rxc1 Bc6 26. Qe3 Rd8 27. Re1 Bd5 28. Rc1 Kf7 29. Qd3 g6 30. Qe3 Kg7 31. Nh2 h5 32. Nf3 Bc6 33. Re1 Re8 34. Rc1 Re7 35. Rd1 e5 36. Re1 e4 37. Nd2 Re8 38. Nc4 Qd5 39. Nd2 f5 40. Nb1 Qd6 41. Nc3 Bd5 42. Nxd5 Qxd5 43. Rc1 Qd6 44. Qc3 Re7 45. d5+ Qf6 1/2-1/2

[Event "45th FIDE Womens Olympiad 2024"]
[Site "Budapest"]
[Date "2024.09.19"]
[Round "8.88"]
[White "Lehaci, Miruna-Daria"]
[Black "Gunawardhana, Devindya Oshini"]
[Result "1/2-1/2"]
[ECO "C45"]
[WhiteElo "2180"]
[BlackElo "1956"]
[Annotator "RC"]
[PlyCount "91"]
[EventDate "2024.09.05"]
[EventType "team-tourn"]
[EventCountry "HUN"]
[SourceTitle "playchess.com"]
[Source "ChessBase"]
[SourceQuality "1"]
[WhiteTeam "Romania"]
[BlackTeam "Sri Lanka"]
[WhiteTeamCountry "ROU"]
[BlackTeamCountry "SRI"]
[TimeControl "40/5400+30:1800+30"]

1. e4 e5 2. Nf3 Nc6 3. d4 exd4 4. Nxd4 Bb4+ 5. c3 Bc5 6. Be3 Bb6 7. Nf5 Bxe3 8. Nxe3 d6 9. c4 Nge7 10. Nc3 O-O 11. Bd3 f5 12. exf5 Nxf5 13. Bxf5 Bxf5 14. Qd5+ Kh8 15. Nxf5 Nb4 16. Qd2 Rxf5 17. O-O Nc6 18. Rae1 Qd7 19. Re4 Raf8 20. Nd5 R5f7 21. Rfe1 Ne5 22. f4 Ng6 23. g3 a6 24. Qe2 Qc6 25. h4 Qc5+ 26. Kg2 c6 27. b4 Qa7 28. Nc3 b5 29. h5 Ne5 30. c5 Nc4 31. Re8 dxc5 32. Qf2 Qd7 33. Rxf8+ Rxf8 34. Qxc5 Re8 35. Qd4 Qf7 36. Rxe8+ Qxe8 37. h6 Ne3+ 38. Kf3 Nf5 39. hxg7+ Kg8 40. Qe4 Qh5+ 41. Kg2 Qg6 42. Qe1 Nxg7 43. Qe4 Nf5 44. Qe1 Nd4 45. Qe3 Nf5 46. Qe1 1/2-1/2

[Event "45th FIDE Womens Olympiad 2024"]
[Site "Budapest"]
[Date "2024.09.19"]
[Round "8.89"]
[White "Arakhamia-Grant, Ketevan"]
[Black "Francisco Guecamburu, Candela Be"]
[Result "1/2-1/2"]
[ECO "C60"]
[WhiteElo "2263"]
[BlackElo "2294"]
[Annotator "RC"]
[PlyCount "119"]
[EventDate "2024.09.05"]
[EventType "team-tourn"]
[EventCountry "HUN"]
[SourceTitle "playchess.com"]
[Source "ChessBase"]
[SourceQuality "1"]
[WhiteTeam "Scotland"]
[BlackTeam "Argentina"]
[WhiteTeamCountry "SCO"]
[BlackTeamCountry "ARG"]
[TimeControl "40/5400+30:1800+30"]

1. e4 e5 2. Nf3 Nc6 3. Bb5 g6 4. O-O Bg7 5. c3 a6 6. Ba4 b5 7. Bb3 Nge7 8. d4 exd4 9. cxd4 O-O 10. Nc3 d6 11. h3 Na5 12. Bc2 c5 13. Bf4 cxd4 14. Nxd4 Bb7 15. Nde2 Nc4 16. b3 Na3 17. Rc1 d5 18. exd5 Nxd5 19. Be4 Nxf4 20. Nxf4 Bxe4 21. Nxe4 Qxd1 22. Rfxd1 Bh6 23. g3 Bxf4 24. gxf4 Ra7 25. f5 a5 26. f6 h6 27. h4 Re8 28. f3 a4 29. Kf2 axb3 30. axb3 b4 31. Rd5 Rb8 32. Rcc5 Rab7 33. Nd6 Rb6 34. Ke2 Nb1 35. Ne4 Nc3+ 36. Nxc3 bxc3 37. Rxc3 Rxf6 38. Kf2 Rb4 39. Kg3 Rff4 40. h5 g5 41. Rdc5 Kg7 42. R3c4 Rbxc4 43. Rxc4 Rxc4 44. bxc4 f5 45. Kf2 Kf6 46. Ke3 Ke6 47. Kd3 Kd7 48. Ke3 Kc6 49. Kd4 Kd6 50. Ke3 Ke6 51. Kd4 Kd6 52. Ke3 Kc5 53. Kd3 f4 54. Kc3 Kc6 55. Kd3 Kd6 56. Kd4 Kc6 57. Kd3 Kd7 58. Kd4 Kd6 59. Ke4 Kc5 60. Kd3 1/2-1/2

[Event "45th FIDE Womens Olympiad 2024"]
[Site "Budapest"]
[Date "2024.09.19"]
[Round "8.90"]
[White "Campos, Maria Jose"]
[Black "Roy, Ali"]
[Result "1-0"]
[ECO "E06"]
[WhiteElo "2252"]
[BlackElo "1961"]
[Annotator "RC"]
[PlyCount "49"]
[EventDate "2024.09.05"]
[EventType "team-tourn"]
[EventCountry "HUN"]
[SourceTitle "playchess.com"]
[Source "ChessBase"]
[SourceQuality "1"]
[WhiteTeam "Argentina"]
[BlackTeam "Scotland"]
[WhiteTeamCountry "ARG"]
[BlackTeamCountry "SCO"]
[TimeControl "40/5400+30:1800+30"]

1. c4 e6 2. g3 Nf6 3. Bg2 d5 4. Nf3 Be7 5. O-O O-O 6. d4 c6 7. Nc3 b6 8. Ne5 Bb7 9. e4 Nbd7 10. Nxc6 Bxc6 11. exd5 exd5 12. cxd5 Bb7 13. d6 Bxg2 14. dxe7 Qxe7 15. Kxg2 Rfd8 16. Re1 Qd6 17. Bf4 Qb4 18. a3 Qc4 19. Rc1 Nf8 20. Be5 Nd5 21. Ne4 Qb5 22. Qf3 Ne7 23. Nf6+ Kh8 24. Nh5 Qd5 25. Bxg7+ 1-0

[Event "45th FIDE Womens Olympiad 2024"]
[Site "Budapest"]
[Date "2024.09.19"]
[Round "8.91"]
[White "Cooke, Suzie G."]
[Black "Borda Rodas, Anapaola S."]
[Result "0-1"]
[ECO "A45"]
[WhiteElo "1941"]
[BlackElo "2216"]
[Annotator "RC"]
[PlyCount "134"]
[EventDate "2024.09.05"]
[EventType "team-tourn"]
[EventCountry "HUN"]
[SourceTitle "playchess.com"]
[Source "ChessBase"]
[SourceQuality "1"]
[WhiteTeam "Scotland"]
[BlackTeam "Argentina"]
[WhiteTeamCountry "SCO"]
[BlackTeamCountry "ARG"]
[TimeControl "40/5400+30:1800+30"]

1. d4 Nf6 2. Bf4 c5 3. dxc5 e6 4. Nd2 Bxc5 5. e3 Nc6 6. Nb3 Be7 7. Nf3 O-O 8. Be2 d5 9. h3 b6 10. O-O Bb7 11. Nbd4 Na5 12. Ne5 Rc8 13. c3 Ne4 14. Bb5 Bd6 15. Bd7 Rc7 16. Nxe6 fxe6 17. Bxe6+ Kh8 18. Qh5 Qf6 19. Nd7 Rxd7 20. Bxd7 Bxf4 21. exf4 Qxf4 22. Qg4 Qd2 23. Rad1 Qxb2 24. Bf5 Nf6 25. Qg3 Qa3 26. Rfe1 Qc5 27. Qe3 Qc7 28. Qe7 Qb8 29. Qb4 Nc6 30. Qh4 Qd8 31. Re6 h6 32. Re3 Ne7 33. Bc2 Bc8 34. Qa4 a6 35. Rf3 b5 36. Qd4 Nc6 37. Qc5 Ne5 38. Rf4 Nf7 39. Qd4 Ng5 40. Qd3 Be6 41. h4 Nge4 42. Qd4 Qc7 43. g3 Qxc3 44. Qxc3 Nxc3 45. Re1 Bg8 46. Re3 Rc8 47. a4 Nfe4 48. axb5 axb5 49. Kg2 Be6 50. f3 g5 51. hxg5 hxg5 52. Rf6 Nxf6 53. Rxe6 Kg7 54. Re7+ Kf8 55. Re5 Re8 56. Rxe8+ Kxe8 57. Kf2 d4 58. Ke1 Kd7 59. Kd2 Kd6 60. Kd3 Kc5 61. Bb3 Nh5 62. f4 gxf4 63. gxf4 Nxf4+ 64. Kd2 Ne4+ 65. Kd1 d3 66. Bg8 Kd4 67. Bh7 Nd5 0-1

[Event "45th FIDE Womens Olympiad 2024"]
[Site "Budapest"]
[Date "2024.09.19"]
[Round "8.92"]
[White "Sarquis, Maria Belen"]
[Black "Giulian, Rosemary A"]
[Result "1-0"]
[ECO "C01"]
[WhiteElo "2172"]
[BlackElo "1922"]
[Annotator "RC"]
[PlyCount "53"]
[EventDate "2024.09.05"]
[EventType "team-tourn"]
[EventCountry "HUN"]
[SourceTitle "playchess.com"]
[Source "ChessBase"]
[SourceQuality "1"]
[WhiteTeam "Argentina"]
[BlackTeam "Scotland"]
[WhiteTeamCountry "ARG"]
[BlackTeamCountry "SCO"]
[TimeControl "40/5400+30:1800+30"]

1. e4 e6 2. d4 d5 3. exd5 exd5 4. Nf3 Bd6 5. c4 Nf6 6. Nc3 O-O 7. cxd5 Bg4 8. Be2 Re8 9. O-O a6 10. a4 h6 11. Be3 b6 12. Rc1 Nbd7 13. h3 Bf5 14. Bc4 Nf8 15. Nh4 Bh7 16. Qf3 Qd7 17. Ba2 g5 18. Qxf6 Be7 19. Qxh6 gxh4 20. d6 Bxd6 21. Nd5 Be7 22. Rxc7 Qd8 23. Nxe7+ Rxe7 24. Rxe7 Qxe7 25. Bg5 Qd7 26. Bf6 Ne6 27. d5 1-0

[Event "45th FIDE Womens Olympiad 2024"]
[Site "Budapest"]
[Date "2024.09.19"]
[Round "8.93"]
[White "Linares Napoles, Oleiny"]
[Black "Kanyamarala, Trisha"]
[Result "0-1"]
[ECO "D02"]
[WhiteElo "2201"]
[BlackElo "2179"]
[Annotator "RC"]
[PlyCount "80"]
[EventDate "2024.09.05"]
[EventType "team-tourn"]
[EventCountry "HUN"]
[SourceTitle "playchess.com"]
[Source "ChessBase"]
[SourceQuality "1"]
[WhiteTeam "Cuba"]
[BlackTeam "Ireland"]
[WhiteTeamCountry "CUB"]
[BlackTeamCountry "IRL"]
[TimeControl "40/5400+30:1800+30"]

1. d4 Nf6 2. Nf3 d5 3. Bf4 e6 4. e3 c5 5. Nbd2 Nc6 6. c3 cxd4 7. exd4 Nh5 8. Be3 Bd6 9. g3 O-O 10. Be2 g6 11. Bh6 Re8 12. O-O Ng7 13. Nb3 Nf5 14. Bd2 f6 15. Re1 Bd7 16. Bf1 Rc8 17. Bg2 Nce7 18. h4 h5 19. Nc1 Kg7 20. Nd3 Ng8 21. Bf4 Bb5 22. Bxd6 Qxd6 23. Nf4 Rcd8 24. a4 Bc6 25. Qc2 Ngh6 26. Rad1 e5 27. dxe5 fxe5 28. Nh3 e4 29. Nd4 Nxd4 30. Rxd4 Nf5 31. Rdd1 e3 32. Ng5 Bxa4 33. Qxa4 exf2+ 34. Kxf2 Qb6+ 35. Rd4 Qxb2+ 36. Kf1 Nxg3+ 37. Kg1 Rxe1+ 38. Kh2 Nf1+ 39. Kh3 Re3+ 40. Nf3 Rxf3+ 0-1

[Event "45th FIDE Womens Olympiad 2024"]
[Site "Budapest"]
[Date "2024.09.19"]
[Round "8.94"]
[White "Mirza, Diana"]
[Black "Arribas Robaina, Maritza"]
[Result "0-1"]
[ECO "D55"]
[WhiteElo "1962"]
[BlackElo "2143"]
[Annotator "NA RC"]
[PlyCount "76"]
[EventDate "2024.09.05"]
[EventType "team-tourn"]
[EventCountry "HUN"]
[SourceTitle "playchess.com"]
[Source "ChessBase"]
[SourceQuality "1"]
[WhiteTeam "Ireland"]
[BlackTeam "Cuba"]
[WhiteTeamCountry "IRL"]
[BlackTeamCountry "CUB"]
[TimeControl "40/5400+30:1800+30"]

1. d4 Nf6 2. c4 e6 3. Nf3 d5 4. Nc3 Be7 5. Bg5 h6 6. Bxf6 Bxf6 7. e3 O-O 8. Qd2 c5 9. cxd5 cxd4 10. Nxd4 exd5 11. Be2 Nc6 12. Nxc6 bxc6 13. O-O Rb8 14. Rac1 Qe7 15. Na4 Bd7 16. b3 Rfd8 17. Bf3 Be5 18. Nc5 Be8 19. g3 Bd6 20. Qc2 Rb5 21. Nd3 Ba3 22. Rcd1 a5 23. Rfe1 Qf6 24. Bg2 Bd7 25. e4 Bg4 26. Rd2 Rbb8 27. f4 dxe4 28. Rxe4 Bf5 29. Re5 Rd6 30. Be4 Bxe4 31. Rxe4 Rbd8 32. Ree2 Qd4+ 33. Kg2 Bb4 34. Rd1 Qd5+ 35. Kf2 Bc5+ 36. Nxc5 Qxd1 37. Nb7 Qxc2 38. Rxc2 Rd2+ 0-1

[Event "45th FIDE Womens Olympiad 2024"]
[Site "Budapest"]
[Date "2024.09.19"]
[Round "8.95"]
[White "Miranda Llanes, Yerisbel"]
[Black "Gora, Antonina"]
[Result "1-0"]
[ECO "E59"]
[WhiteElo "2294"]
[BlackElo "1943"]
[Annotator "RC"]
[PlyCount "131"]
[EventDate "2024.09.05"]
[EventType "team-tourn"]
[EventCountry "HUN"]
[SourceTitle "playchess.com"]
[Source "ChessBase"]
[SourceQuality "1"]
[WhiteTeam "Cuba"]
[BlackTeam "Ireland"]
[WhiteTeamCountry "CUB"]
[BlackTeamCountry "IRL"]
[TimeControl "40/5400+30:1800+30"]

1. d4 Nf6 2. c4 e6 3. Nc3 Bb4 4. a3 Bxc3+ 5. bxc3 d5 6. e3 O-O 7. Nf3 c5 8. Be2 dxc4 9. O-O Nc6 10. Bxc4 cxd4 11. cxd4 b6 12. a4 Bb7 13. Ba3 Re8 14. Rc1 a6 15. Ne5 Na5 16. Bd3 Qd5 17. f3 Rec8 18. Rb1 Qd8 19. Bb4 Nc6 20. Nxc6 Bxc6 21. Qb3 Qd7 22. Ra1 b5 23. axb5 Bxb5 24. Rfb1 Nd5 25. Bc5 Bxd3 26. Qxd3 Nc7 27. Rb6 h6 28. Ra5 Rab8 29. Rd6 Qe8 30. h3 Rb5 31. Rdxa6 Nxa6 32. Qxb5 Qxb5 33. Rxb5 Nxc5 34. Rxc5 Ra8 35. Rc2 Kf8 36. h4 Ra7 37. h5 Ke7 38. Kf2 f5 39. Kg3 Ra5 40. Kf4 Kf6 41. Rc6 Kf7 42. Rc5 Ra3 43. e4 fxe4 44. fxe4 Ra7 45. Ke5 Ke7 46. Rc6 Ra5+ 47. d5 exd5 48. exd5 Ra2 49. d6+ Kd8 50. g4 Ra4 51. Kf5 Ra5+ 52. Ke6 Ra4 53. Rb6 Re4+ 54. Kf5 Rd4 55. Rb8+ Kd7 56. Rb7+ Kxd6 57. Rxg7 Rd5+ 58. Kg6 Ke5 59. Kxh6 Kf4 60. Kh7 Rd8 61. h6 Rb8 62. g5 Kf5 63. g6 Ra8 64. Rf7+ Ke6 65. Rf2 Ra7+ 66. g7 1-0

[Event "45th FIDE Womens Olympiad 2024"]
[Site "Budapest"]
[Date "2024.09.19"]
[Round "8.96"]
[White "Putar, Lara"]
[Black "Hernandez Gil, Ineymig"]
[Result "1-0"]
[ECO "D40"]
[WhiteElo "1911"]
[BlackElo "2160"]
[Annotator "RC"]
[PlyCount "153"]
[EventDate "2024.09.05"]
[EventType "team-tourn"]
[EventCountry "HUN"]
[SourceTitle "playchess.com"]
[Source "ChessBase"]
[SourceQuality "1"]
[WhiteTeam "Ireland"]
[BlackTeam "Cuba"]
[WhiteTeamCountry "IRL"]
[BlackTeamCountry "CUB"]
[TimeControl "40/5400+30:1800+30"]

1. d4 d5 2. c4 e6 3. Nf3 Nf6 4. e3 c5 5. Nc3 Nc6 6. a3 Be7 7. dxc5 Bxc5 8. b4 Be7 9. cxd5 exd5 10. Bb2 O-O 11. Bd3 Re8 12. O-O Bg4 13. Be2 a6 14. Nd4 Bxe2 15. Ncxe2 Ne5 16. Nf5 Bf8 17. Qb3 Qd7 18. Ned4 g6 19. Ng3 Rad8 20. Rad1 h5 21. Nge2 Bd6 22. Nf4 Bb8 23. Nd3 Neg4 24. Nf3 Qd6 25. g3 h4 26. Nxh4 Nxh2 27. Kxh2 Ng4+ 28. Kg1 Nxf2 29. Nf4 Nxd1 30. Rxd1 Ba7 31. Nhg2 d4 32. Bxd4 Rxe3 33. Nxe3 Bxd4 34. Kg2 Qc6+ 35. Ned5 Be5 36. Qf3 Kg7 37. Rf1 g5 38. Nh5+ Kh6 39. Nhf6 Bxf6 40. Qxf6+ Qxf6 41. Nxf6 Kg6 42. Ne4 f5 43. Nc5 g4 44. Rf2 Rd1 45. Ra2 Kg5 46. Nxb7 f4 47. gxf4+ Kxf4 48. Nc5 Rd6 49. Re2 Rd1 50. a4 Rd6 51. Re4+ Kf5 52. a5 Rh6 53. Rd4 Kg5 54. Nd3 Re6 55. Nf2 Re2 56. Rxg4+ Kf5 57. Kf3 Rb2 58. Nd3 Rb3 59. Rf4+ Ke6 60. Ke4 Kd6 61. Rf6+ Kc7 62. Rxa6 Rb1 63. Kd4 Rd1 64. Kc4 Rh1 65. Nc5 Kb8 66. Kb5 Rh5 67. Rg6 Rh8 68. Kb6 Ka8 69. Ka6 Rd8 70. b5 Kb8 71. b6 Re8 72. Nd7+ Kc8 73. Rd6 Rd8 74. b7+ Kc7 75. b8=Q+ Rxb8 76. Nxb8 Kxd6 77. Kb6 1-0

[Event "45th FIDE Womens Olympiad 2024"]
[Site "Budapest"]
[Date "2024.09.19"]
[Round "8.97"]
[White "Mihok-Juhasz, Barbara"]
[Black "Verbin, Valentina"]
[Result "0-1"]
[ECO "C02"]
[WhiteElo "2193"]
[BlackElo "2071"]
[Annotator "RC"]
[PlyCount "118"]
[EventDate "2024.09.05"]
[EventType "team-tourn"]
[EventCountry "HUN"]
[SourceTitle "playchess.com"]
[Source "ChessBase"]
[SourceQuality "1"]
[WhiteTeam "Hungary B"]
[BlackTeam "Moldova"]
[WhiteTeamCountry "HUN"]
[BlackTeamCountry "MDA"]
[TimeControl "40/5400+30:1800+30"]

1. e4 e6 2. d4 d5 3. e5 c5 4. c3 Nc6 5. Nf3 Qb6 6. Be2 cxd4 7. cxd4 Nh6 8. Bxh6 Qxb2 9. Nbd2 gxh6 10. O-O Bb4 11. Rb1 Qa3 12. Rb3 Qa5 13. Nb1 Qc7 14. Qc1 Bf8 15. Qf4 Bg7 16. Bb5 O-O 17. Bxc6 bxc6 18. Rc1 f6 19. Rbc3 fxe5 20. Qg3 Rb8 21. Nbd2 Rb6 22. Nxe5 Bd7 23. Nb3 Be8 24. Re3 Qe7 25. Qh3 Rf5 26. Nxc6 Qf8 27. Ne7+ Qxe7 28. Qxf5 Qa3 29. Qc2 Rc6 30. Qb1 Bg6 31. Qa1 Bxd4 32. Rxc6 Bxa1 33. Nxa1 Qxa2 34. Rc1 d4 35. Rf3 Bf5 36. g4 Be4 37. Rg3 d3 38. Re3 d2 39. Rd1 Bc2 40. Rxd2 Qxa1+ 41. Kg2 Qa4 42. Kg3 Bb3 43. f4 Bd5 44. Red3 Qe4 45. f5 h5 46. fxe6 Qxg4+ 47. Kf2 Qg2+ 48. Ke3 Qf3+ 49. Kd4 Qe4+ 50. Kc5 Qc4+ 51. Kd6 Qc6+ 52. Ke5 Qxe6+ 53. Kd4 Be4 54. Rg3+ Bg6 55. Kc3 a5 56. Kb2 Qe4 57. Rgg2 Qb1+ 58. Ka3 Qb4+ 59. Ka2 Kg7 0-1

[Event "45th FIDE Womens Olympiad 2024"]
[Site "Budapest"]
[Date "2024.09.19"]
[Round "8.98"]
[White "Mihailova, Alina"]
[Black "Lakos, Nikoletta"]
[Result "1/2-1/2"]
[ECO "E06"]
[WhiteElo "1969"]
[BlackElo "2192"]
[Annotator "RC"]
[PlyCount "60"]
[EventDate "2024.09.05"]
[EventType "team-tourn"]
[EventCountry "HUN"]
[SourceTitle "playchess.com"]
[Source "ChessBase"]
[SourceQuality "1"]
[WhiteTeam "Moldova"]
[BlackTeam "Hungary B"]
[WhiteTeamCountry "MDA"]
[BlackTeamCountry "HUN"]
[TimeControl "40/5400+30:1800+30"]

1. d4 d5 2. c4 e6 3. Nf3 Nf6 4. g3 Be7 5. Bg2 O-O 6. O-O c6 7. Nc3 a5 8. a4 b6 9. b3 Ba6 10. Qd3 Nbd7 11. Rd1 Bb4 12. Bb2 Rc8 13. Rac1 Qe7 14. Na2 Bd6 15. Qb1 c5 16. cxd5 exd5 17. Nc3 c4 18. Nd2 cxb3 19. Nxd5 Nxd5 20. Bxd5 Rxc1 21. Rxc1 Qxe2 22. Nxb3 Nf6 23. Re1 Qh5 24. Bg2 Bc4 25. Nd2 Bd5 26. Ne4 Bxe4 27. Bxe4 Bb4 28. Rc1 Bd2 29. Rf1 Re8 30. Bc6 Ng4 1/2-1/2

[Event "45th FIDE Womens Olympiad 2024"]
[Site "Budapest"]
[Date "2024.09.19"]
[Round "8.99"]
[White "Karacsonyi, Kata"]
[Black "Bargan, Victoria"]
[Result "1-0"]
[ECO "B11"]
[WhiteElo "2233"]
[BlackElo "1941"]
[Annotator "RC"]
[PlyCount "87"]
[EventDate "2024.09.05"]
[EventType "team-tourn"]
[EventCountry "HUN"]
[SourceTitle "playchess.com"]
[Source "ChessBase"]
[SourceQuality "1"]
[WhiteTeam "Hungary B"]
[BlackTeam "Moldova"]
[WhiteTeamCountry "HUN"]
[BlackTeamCountry "MDA"]
[TimeControl "40/5400+30:1800+30"]

1. e4 c6 2. Nf3 d5 3. Nc3 h6 4. d4 dxe4 5. Nxe4 Bf5 6. Bd3 e6 7. O-O Nf6 8. Nxf6+ Qxf6 9. Ne5 Bd6 10. Re1 O-O 11. Re3 Bxd3 12. Qxd3 c5 13. Rg3 Bxe5 14. dxe5 Qh4 15. Bg5 hxg5 16. Rh3 Nc6 17. Rxh4 gxh4 18. f4 b6 19. Qh3 Nd4 20. Qxh4 Rad8 21. Qf2 Rd5 22. g4 Rfd8 23. c3 Nc6 24. Re1 Rd3 25. Re2 R8d5 26. Kg2 b5 27. a3 a6 28. Qf1 Na5 29. f5 Nc4 30. Qf4 Rd2 31. Rxd2 Rxd2+ 32. Kh3 Rd3+ 33. Kg2 Nxb2 34. f6 Kf8 35. Qg5 gxf6 36. exf6 Nd1 37. Qxc5+ Kg8 38. Qg5+ Kf8 39. Qc5+ Kg8 40. Qc8+ Kh7 41. Qf8 Ne3+ 42. Kg1 Rd1+ 43. Kf2 Nxg4+ 44. Ke2 1-0

[Event "45th FIDE Womens Olympiad 2024"]
[Site "Budapest"]
[Date "2024.09.19"]
[Round "8.100"]
[White "Petricenco, Ana"]
[Black "Demeter, Dorina"]
[Result "1-0"]
[ECO "C76"]
[WhiteElo "1894"]
[BlackElo "2199"]
[Annotator "RC"]
[PlyCount "159"]
[EventDate "2024.09.05"]
[EventType "team-tourn"]
[EventCountry "HUN"]
[SourceTitle "playchess.com"]
[Source "ChessBase"]
[SourceQuality "1"]
[WhiteTeam "Moldova"]
[BlackTeam "Hungary B"]
[WhiteTeamCountry "MDA"]
[BlackTeamCountry "HUN"]
[TimeControl "40/5400+30:1800+30"]

1. e4 e5 2. Nf3 Nc6 3. Bb5 a6 4. Ba4 d6 5. O-O Bd7 6. c3 g6 7. d4 Bg7 8. dxe5 Nxe5 9. Nxe5 dxe5 10. Bxd7+ Qxd7 11. Qxd7+ Kxd7 12. Be3 Nf6 13. f3 Ke6 14. Kf2 Bf8 15. Nd2 Be7 16. Ke2 h5 17. Nb3 b6 18. Rad1 a5 19. a4 h4 20. Nd2 Nh5 21. Nc4 g5 22. Kf2 Nf4 23. Rd2 Rag8 24. h3 Rd8 25. Rfd1 Nh5 26. Ke1 Ng3 27. Bf2 Nh1 28. Ke2 Nxf2 29. Kxf2 Rxd2+ 30. Rxd2 Rb8 31. Ke2 Bc5 32. Kd1 f6 33. Kc2 c6 34. Rd3 Ra8 35. Rd2 b5 36. axb5 cxb5 37. Rd5 bxc4 38. Rxc5 Kd6 39. Rxc4 a4 40. Kb1 a3 41. b3 a2+ 42. Ka1 Ra3 43. b4 Kd7 44. b5 Rb3 45. Rc5 Kd6 46. Rc6+ Kd7 47. c4 Rc3 48. Kxa2 Rc2+ 49. Kb3 Rxg2 50. Kb4 Rg3 51. Kc5 Rxf3 52. b6 Rb3 53. Rxf6 Rxh3 54. Rf7+ Ke6 55. Rf5 Rg3 56. b7 Rb3 57. Rxg5 Rxb7 58. Rh5 Rc7+ 59. Kb5 Rb7+ 60. Kc6 Rb4 61. Kc5 Rb8 62. Rh6+ Ke7 63. Kd5 Rg8 64. Rxh4 Rg5 65. Rh6 Kd7 66. Re6 Rg1 67. Rxe5 Rd1+ 68. Kc5 Re1 69. Rd5+ Ke6 70. Rd6+ Ke7 71. Rd4 Ke6 72. Kc6 Ke5 73. Rd8 Rc1 74. c5 Kxe4 75. Kb6 Ke5 76. c6 Ke6 77. c7 Rb1+ 78. Ka5 Ra1+ 79. Kb4 Rb1+ 80. Ka3 1-0

[Event "45th FIDE Womens Olympiad 2024"]
[Site "Budapest"]
[Date "2024.09.19"]
[Round "8.101"]
[White "Shuqja, Klean"]
[Black "Rogule, Laura"]
[Result "0-1"]
[ECO "B51"]
[WhiteElo "2042"]
[BlackElo "2248"]
[Annotator "RC"]
[PlyCount "58"]
[EventDate "2024.09.05"]
[EventType "team-tourn"]
[EventCountry "HUN"]
[SourceTitle "playchess.com"]
[Source "ChessBase"]
[SourceQuality "1"]
[WhiteTeam "Albania"]
[BlackTeam "Latvia"]
[WhiteTeamCountry "ALB"]
[BlackTeamCountry "LAT"]
[TimeControl "40/5400+30:1800+30"]

1. e4 c5 2. Nf3 d6 3. Bb5+ Nd7 4. d4 cxd4 5. Qxd4 a6 6. Bxd7+ Bxd7 7. Bg5 h6 8. Bh4 Rc8 9. Nc3 e5 10. Qe3 g5 11. Bg3 Nf6 12. O-O-O Qa5 13. Nd2 b5 14. Nb3 Qc7 15. Qe2 b4 16. Nd5 Nxd5 17. Rxd5 Bb5 18. Qd1 Bc6 19. Rd2 Bxe4 20. Re1 Bg6 21. f4 gxf4 22. Bxf4 Be7 23. Be3 a5 24. Na1 a4 25. Qg4 a3 26. Qxb4 d5 27. Qa4+ Kf8 28. bxa3 Qc3 29. Kb1 d4 0-1